 Dungeon Crawl Stone Soup version 0.30-a0-613-gdd512c7efb (webtiles) character file.

Game seed: 16790940954869126917

841 OTABOTABOTAB the Destroyer (level 7, -4/36 HPs)
             Began as a Deep Elf Conjurer on Jan 9, 2023.
             Shot with an arrow by a centaur (9 damage)
             ... on level 5 of the Dungeon.
             The game lasted 00:08:15 (4544 turns).

OTABOTABOTAB the Destroyer (Deep Elf Conjurer)      Turns: 4544, Time: 00:08:15

Health: -4/36      AC:  2    Str:  4    XL:     7   Next: 67%
Magic:  15/18      EV: 12    Int: 25    God:
Gold:   127        SH:  5    Dex: 13    Spells: 7/18 levels left

rFire   . . .      SeeInvis +    d - staff of conjuration
rCold   . . .      Faith    .    (no shield)
rNeg    + . .      Spirit   .    a - +0 robe
rPois   .          Reflect  +    (no helmet)
rElec   .          Harm     .    (no cloak)
rCorr   .          Rampage  .    (no gloves)
Will    .....                    (no boots)
Stlth   ++                       f - amulet of reflection
HPRegen 0.26/turn                V - ring of see invisible {sInv, !d}
MPRegen 0.16/turn                N - ring of positive energy {rN+}

@: lethally poisoned (-4 -> -8)
A: no striking features
a: no special abilities


You were on level 5 of the Dungeon.
You visited 1 branch of the dungeon, and saw 5 of its levels.

You collected 127 gold pieces.

Inventory:

Missiles
 n - 6 poisoned darts
 o - 3 boomerangs
 s - 25 stones
Armour
 a - a +0 robe (worn)
 t - a +0 pair of gloves
   (You found it on level 3 of the Dungeon)
Magical Staves
 d - a staff of conjuration (weapon)
   (You found it on level 1 of the Dungeon)
 r - a staff of death {rN+}
   (You took it off an orc wizard on level 3 of the Dungeon)
Jewellery
 f - an amulet of reflection (around neck)
   (You found it on level 1 of the Dungeon)
 N - a ring of positive energy (right hand) {rN+}
   (You took it off an orc wizard on level 3 of the Dungeon)
 V - a ring of see invisible (left hand) {sInv, !d}
   (You found it on level 4 of the Dungeon)
Scrolls
 b - 2 scrolls of identify {@r1}
 g - a scroll of butterflies {unknown}
 k - a scroll of vulnerability {unknown}
 l - a scroll of fog
 X - a scroll of magic mapping {@r4!r}
 Y - a scroll of teleportation {@r3}
Potions
 c - a potion of flight {unknown}
 e - a potion of mutation {unknown}
 h - a potion of degeneration {unknown}
 i - 2 potions of heal wounds {unknown}
 j - a potion of cancellation
 m - a potion of haste {unknown}
 J - a potion of curing {@q1}


   Skills:
 - Level 2.4 Dodging
 - Level 2.4 Stealth
 + Level 6.4 Spellcasting
 * Level 8.3 Conjurations
 - Level 3.0 Hexes
 - Level 3.0 Translocations


You had 7 spell levels left.
You knew the following spells:

 Your Spells              Type           Power      Damage    Failure   Level
a - Magic Dart            Conj           100%       1d8       1%          1
b - Searing Ray           Conj           100%       2d8       1%          2
c - Fulminant Prism       Conj/Hex       26%        3d13      7%          4
x - Iskenderun's Mystic   Conj/Tloc      53%        2d11      7%          4

Your spell library contained the following spells:

 Spells                   Type           Power      Damage    Failure   Level
 Dazzling Flash           Conj/Hex       100%       N/A       1%          3


Dungeon Overview and Level Annotations

Branches:
Dungeon (5/15)
 Temple: D:4-7

Altars:
Elyvilon
Gozag
Makhleb
Sif Muna
Yredelemnul


Message History

Your fulminant prism crackles loudly.
The orc priest hits your fulminant prism with a +0 club.
An orc comes into view. It is wielding a +0 whip.
The blast of energy engulfs the orc priest!!
You kill the orc priest!
The blast of energy engulfs the orc!!
You kill the orc!
An orc wizard comes into view. It is wielding a +0 dagger.
You hear a shout!
You hear a bark!
The spell is quite dangerous to miscast (8% risk of failure)!
Continue anyway?
You feel a surge of power!
You conjure a prism of explosive energy!
The orc wizard shouts!
A fulminant prism comes into view.
You now have 9/18 mp.
Your fulminant prism crackles loudly.
The blast of energy engulfs the orc!!
You kill the orc!
You hear a bark!
Aim: an orc wizard, wielding a +0 dagger and wearing a +0 robe (79% to hit)
You feel a surge of power!
The searing ray hits the orc wizard! (Press . to maintain the ray.)
You now have 8/18 mp.
The searing ray hits the orc wizard.
You now have 7/18 mp.
The searing ray misses the orc wizard.
The orc wizard casts a spell at you.
You are confused.
You now have 6/18 mp.
The orc wizard points at you and mumbles some strange words.
The puff of flame hits you!
You take 9 damage, and have 27/36 hp.
MASSIVE DAMAGE!!
The orc wizard points at you and mumbles some strange words.
The puff of flame misses you.
Unknown command.
The orc wizard attacks as you move away!
The orc wizard barely misses you.
A centaur comes into view.
The centaur moves out of view.
You're too confused to move!
The orc wizard points at you and mumbles some strange words.
The magic dart hits you.
You take 3 damage, and have 25/36 hp.
A water moccasin comes into view.
The orc wizard hits you with a +0 dagger.
You take 1 damage, and have 24/36 hp.
You feel less confused.
The water moccasin hisses angrily.
The orc wizard hits you but does no damage.
You closely miss the orc wizard. The orc wizard barely misses you.
You closely miss the orc wizard.
The orc wizard hits you with a +0 dagger.
You take 4 damage, and have 21/36 hp.
The spell is quite dangerous to miscast (8% risk of failure)!
Continue anyway?
You feel a surge of power!
You erupt in a blast of force!
The mystic blast hits the water moccasin!
The mystic blast hits the orc wizard.
You kill the orc wizard!
The water moccasin bites you!
You are lethally poisoned!
The water moccasin poisons you!
You take 8 damage, and have 13/36 hp.
MASSIVE DAMAGE!!
You now have 4/18 mp.
You feel better. The water moccasin closely misses you.
You block the water moccasin's attack.
You regained 6 hp, and now have 19/36 hp.
The spell is quite dangerous to miscast (8% risk of failure)!
Continue anyway?
You feel a surge of power!
You erupt in a blast of force!
The mystic blast hits the water moccasin!
The water moccasin is knocked back by the mystic blast.
You now have 0/18 mp.
You don't have enough magic to cast this spell.
Things that are here:
a +0 dagger; a +0 robe; an orc corpse Magic courses through your body.
The water moccasin bites you!
You are poisoned.
The water moccasin poisons you!
You take 7 damage, and have 12/36 hp.
MP restored: 18 The spell is quite dangerous to miscast (8% risk of failure)!
Continue anyway?
You feel a surge of power!
You erupt in a blast of force!
The mystic blast hits the water moccasin!
You kill the water moccasin!
* * * LOW HITPOINT WARNING * * *
You feel very sick.
Your Conjurations skill increases to level 8!
You take 3 damage, and have 9/36 hp.
You now have 14/18 mp.
Unknown command.
* * * LOW HITPOINT WARNING * * *
You feel sick.
The centaur shouts!
The centaur wields a +0 shortbow.
The centaur shoots an arrow.
You reflect the arrow off an invisible shield around you!
The arrow hits the centaur but does no damage.
You take 2 damage, and have 7/36 hp.
* * * LOW HITPOINT WARNING * * *
You feel sick.
The centaur shoots an arrow.
The arrow hits you!
You die...

.......### ####........
..........####..........#
.............#..........#
.......................#.
.................†#......
..................<......
...)..................##.
.............#.##.###..##
.......†@..######## #....
........##..# #....
........##..# #....
........###... .....
"...)...# ##.. .#....
##.)).... #.# .......
......### .c#.. .....
.....# ....##....


You could see a centaur.

Vanquished Creatures
  Eustachio (D:4)
  Menkaure (D:4)
  A water moccasin (D:5)
  An ogre (D:4)
  3 orc priests
  A hound (D:5)
  An iguana (D:5)
  4 orc wizards
  4 adders
  2 worms (D:2)
  2 dart slugs
  19 orcs
  5 ball pythons
  10 bats
  4 endoplasms
  2 giant cockroaches
  4 goblins
  10 hobgoblins
  3 jackals (D:3)
  5 kobolds
  3 quokkas
  3 frilled lizards
  2 rats
91 creatures vanquished.

Vanquished Creatures (others)
  3 fulminant prisms
3 creatures vanquished.

Grand Total: 94 creatures vanquished

Notes
Turn   | Place    | Note
-------+----------+-------------------------------------------
     0 | D:1      | OTABOTABOTAB the Deep Elf Conjurer began the quest for the
                  | Orb.
     0 | D:1      | Reached XP level 1. HP: 10/10 MP: 6/6
   235 | D:1      | Reached XP level 2. HP: 15/15 MP: 4/8
   238 | D:1      | Learned a level 2 spell: Searing Ray
   815 | D:1      | Reached skill level 5 in Conjurations
  1174 | D:2      | Reached XP level 3. HP: 19/19 MP: 5/10
  1618 | D:2      | Reached skill level 4 in Spellcasting
  1624 | D:2      | Identified the +8 mace "Jucw" {drain, rC+ Str+3}
  1805 | D:2      | Found a shimmering blue altar of Sif Muna.
  2030 | D:3      | Reached XP level 4. HP: 24/24 MP: 8/12
  2223 | D:3      | Found a burning altar of Makhleb.
  2324 | D:2      | Learned a level 4 spell: Fulminant Prism
  2329 | D:2      | Learned a level 4 spell: Iskenderun's Mystic Blast
  2333 | D:3      | Reached skill level 6 in Conjurations
  2642 | D:3      | Reached skill level 1 in Hexes
  2642 | D:3      | Reached XP level 5. HP: 28/28 MP: 9/13
  2891 | D:3      | Reached skill level 1 in Translocations
  3029 | D:3      | Found a white marble altar of Elyvilon.
  3334 | D:4      | Reached skill level 2 in Hexes
  3411 | D:4      | Noticed an ogre
  3418 | D:4      | Killed an ogre
  3419 | D:4      | Reached skill level 5 in Spellcasting
  3419 | D:4      | Reached skill level 2 in Translocations
  3419 | D:4      | Reached XP level 6. HP: 32/32 MP: 6/15
  3756 | D:4      | Noticed Menkaure
  3760 | D:4      | Killed Menkaure
  3761 | D:4      | Reached skill level 7 in Conjurations
  3761 | D:4      | Reached skill level 3 in Hexes
  3995 | D:4      | Noticed Eustachio
  4002 | D:4      | Killed Eustachio
  4003 | D:4      | Reached XP level 7. HP: 36/36 MP: 0/17
  4121 | D:4      | Found a basalt altar of Yredelemnul.
  4162 | D:4      | Found an opulent altar of Gozag.
  4391 | D:5      | Entered Level 5 of the Dungeon
  4397 | D:5      | Reached skill level 3 in Translocations
  4464 | D:5      | Reached skill level 6 in Spellcasting
  4542 | D:5      | HP: 9/36 [poisoned by a water moccasin]
  4543 | D:5      | Reached skill level 8 in Conjurations
  4544 | D:5      | Shot with an arrow by a centaur

Illustrated notes

Levels and vault maps discovered:
D:1:      sevenhm_arrival_forest_fort_small_6, layout_basic, chequers_jeans
D:2:      layout_basic, basic_altar, roderic_roman_lattice
D:3:      layout_loops_ring, marbit_many_paths, lightli_temple_of_fire
D:4:      layout_loops_ring, mainiacjoe_overflow_swirl, uniq_menkaure,
          uniq_eustachio
D:5:      minmay_opposing_rooms, layout_cave_pools,
          mainiacjoe_overflow_alcove_4, serial_shops, shop,
          minmay_misc_feat_tower, nrook_loot_triangle

Skill      XL: |  1  2  3  4  5  6  7 |
---------------+----------------------+-----
Conjurations   | 5 6 7 8 |  8.3
Spellcasting   | 4 5 6 |  6.4
Hexes          | 1 2 3 |  3.0
Translocations | 2 3 |  3.0
Dodging        | |  2.4
Stealth        | |  2.4

Action                   |  1- 3 |  4- 6 |  7- 9 || total
-------------------------+-------+-------+-------++-------
Melee: Staff             |    11 |     1 |     2 ||    14
 Cast: Magic Dart        |    76 |    59 |     8 ||   143
       Searing Ray       |     1 |    13 |     3 ||    17
       Fulminant Prism   |       |     1 |     2 ||     3
       Iskenderun's Myst |       |     3 |     3 ||     6
  Use: Scroll            |       |     7 |       ||     7
       Potion            |       |     1 |     2 ||     3
 Stab: Sleeping          |     1 |       |       ||     1
Armor: Robe              |     3 |     2 |     1 ||     6
Dodge: Dodged            |    10 |     6 |     4 ||    20
Block: Other             |     2 |       |     2 ||     4
       Reflection        |       |       |     1 ||     1

Table legend: (Time is in decaauts)
 A = Elapsed time spent in this place.
 B = Non-inter-level travel time spent in this place.
 C = Inter-level travel time spent in this place.
 D = Time resting spent in this place.
 E = Time spent auto-exploring this place.
 F = Levels seen in this place.
 G = Mean time per level.
                   A        B        C        D        E       F      G
               +--------+--------+--------+--------+--------+-----+--------+
         Total |   4544 |   4399 |    145 |     65 |   3908 |   5 |  908.8 |
       Dungeon |   4544 |   4399 |    145 |     65 |   3908 |   5 |  908.8 |
               +--------+--------+--------+--------+--------+-----+--------+

Top non-repeatable levels by time:
     D:4: 1243 daAuts
     D:3: 1108 daAuts
     D:1: 1065 daAuts
     D:2: 975 daAuts
     D:5: 153 daAuts

Table legend:
 A = Kills in this place as a percentage of kills in entire the game.
 B = Kills by you in this place as a percentage of kills by you in the entire game.
 C = Kills by friends in this place as a percentage of kills by friends in the entire game.
 D = Other kills in this place as a percentage of other kills in the entire game.
 E = Experience gained in this place as a percentage of experience gained in the entire game.
 F = Experience gained in this place divided by the number of levels of this place that you have seen.
                   A       B       C       D       E      F
               +-------+-------+-------+-------+-------+----------------------
         Total | 100.0 | 100.0 |   N/A |   N/A | 100.0 | 240.4
       Dungeon | 100.0 | 100.0 |   N/A |   N/A | 100.0 | 240.4
               +-------+-------+-------+-------+-------+----------------------
